Cogmind - Beta 15 @@@ ROGUE MODE // 2025.05.26 @ 22:53:10 Player: Largest Loads Result: Destroyed by G-34 Mercenary with Small Laser Performance ------------- Evolutions (0) 0 Regions Visited (1) 200 Robots Destroyed (10) 50 Value Destroyed (181) 181 Prototype IDs (0) 0 Alien Tech Used (0) 0 Bonus (0) 0 TOTAL SCORE: 431 Bonus ------- None Cogmind --------- Core Integrity 0/250 Matter 281/300 Energy 99/100 System Corruption 0% Temperature Cool (15) Movement Core (100) Ox1 Location -10/Materials Parts ------- > --- POWER (1) -------- (None) > --- PROPULSION (2) --- (None) > --- UTILITY (2) ------ Small Storage Unit Structural Scanner > --- WEAPON (2) ------- (None) > --- INVENTORY (8) ---- (None) Peak State ------------ > --- POWER ------------ Ion Engine > --- PROPULSION ------- Improved Treads Improved Treads > --- UTILITY ---------- Heat Sink Small Storage Unit > --- WEAPON ----------- Medium Laser Assault Rifle > --- INVENTORY -------- (None) [Rating: 9] Favorites ----------- Power Ion Engine Engine Ion Engine Propulsion Improved Treads Treads Improved Treads Wheel Wheel Flight Unit VTOL Module Utility Heat Sink Device Heat Sink Storage Small Storage Unit Weapon Assault Rifle Energy Gun Medium Laser Ballistic Gun Assault Rifle Build | -11 -10 ------- Run | Yrd Mat Slots Evolved . | . . Power . | . . Propulsion . | . . Utility . | . . Weapon . | . . Parts Attached 14 | 6 8 Power 3 | 1 2 Engine 3 | 1 2 Core . | . . Reactor . | . . Propulsion 5 | 2 3 Treads 2 | . 2 Leg . | . . Wheel 2 | 2 . Hover . | . . Flight 1 | . 1 Utility 3 | 1 2 Device 2 | 1 1 Storage 1 | . 1 Processor . | . . Hackware . | . . Protection . | . . Artifact . | . . Weapon 3 | 2 1 Energy Gun 2 | 1 1 Energy Cannon . | . . Ballistic Gun 1 | 1 . Ballistic Cannon . | . . Launcher . | . . Special Weapon . | . . Impact Weapon . | . . Slashing Weapon . | . . Piercing Weapon . | . . Special Melee Weapon . | . . Unidentified Prototypes . | . . Parts Lost 7 | . 7 Power 2 | . 2 Propulsion 2 | . 2 Utility 1 | . 1 Weapon 2 | . 2 Highest Loss Streak 4 | . 4 To Critical Strikes . | . . Average Backups 1 | 2 1 Power . | . . Propulsion . | 1 . Utility . | . . Weapon . | . . Tool/Special . | . . Unused Backups 4 | . 4 Power . | . . Propulsion 2 | . 2 Utility . | . . Weapon 2 | . 2 Tool/Special . | . . Average Slot Usage (%) 75 | . 75 Engine 12 | . 12 Treads 15 | . 15 Wheel 4 | . 4 Flight 2 | . 2 Device 13 | . 13 Storage 4 | . 4 Energy Gun 11 | . 11 Ballistic Gun 11 | . 11 Peak Build Rating 9 | 6 9 Average Rating 6 | 3 6 On Entrance 3 | . 6 Naked Turns . | . . Heaviest Build 15 | 8 15 Greatest Support 46 | 20 46 Greatest Overweight (x) 3 | . 3 Average Overweight (x) . | . . Largest Inventory Capacity 8 | 5 8 Average Capacity 5 | 5 5 Most Carried 5 | 5 5 Average Carried 1 | 2 1 Final Capacity 8 | 5 8 Final Carried 3 | 3 . Class Distribution -------------------- 100% | Mutant Dominant Class ---------------- Mutant | -10/Materials Resources | -11 -10 ----------- Run | Yrd Mat Matter Collected 392 | 256 136 Remotely . | . . Salvage Created 226 | 31 195 Parts 13 | 2 11 Haulers Intercepted . | . . Recyclers Shooed . | . . Parts Field Recycled . | . . Retrieved Matter . | . . Parts Self-Destructed . | . . Prevented . | . . Kills | -11 -10 ------- Run | Yrd Mat Combat Hostiles Destroyed 6 | 1 5 Guns 6 | 1 5 Classes Destroyed 5 | 1 4 Worker 1 | . 1 Operator 1 | . 1 Watcher 2 | . 2 Swarmer 3 | . 3 Grunt 3 | 1 2 Best Kill Streak 4 | 1 4 Combat Bots Only 3 | 1 3 Max Kills in Single Turn 1 | 1 1 Gunslinging . | . . Exploded . | . . Melee . | . . Uniques/NPCs Destroyed . | . . Combat | -11 -10 -------- Run | Yrd Mat Hostile Shots Fired 106 | 4 102 Missed 30 | 2 28 Hits 76 | 2 74 Projectile 76 | 2 74 Critical Strikes 3 | . 3 Damage Taken 938 | 23 915 Core 257 | . 257 Absorbed by Shields . | . . Core Remaining (%) 100 | 100 . Volleys Fired 34 | 3 31 Largest 2 | 2 2 Hottest 70 | 70 70 Shots Fired 63 | 6 57 Gun 63 | 6 57 Cannon . | . . Launcher . | . . Special . | . . Kinetic 32 | 3 29 Thermal 29 | 3 26 Explosive . | . . Electromagnetic 2 | . 2 Robot Hit Streak 4 | 2 4 Robot Miss Streak 4 | 2 4 Penetration Max . | . . Secondary Targets 1 | . 1 Max Gunslinging Chain 1 | . 1 Shots Hit Robots 34 | 3 31 Core Hits 17 | 2 15 Critical Kills 1 | . 1 Critical Parts Destroyed . | . . Critical Strikes 4 | . 4 Burn 3 | . 3 Destroy 1 | . 1 Melee Attacks . | . . Impact . | . . Slashing . | . . Piercing . | . . Sneak Attacks . | . . Combat Hostiles . | . . Follow-up Attacks . | . . Damage Inflicted 503 | 41 462 Guns 503 | 41 462 Cannons . | . . Explosions . | . . Melee . | . . Ramming . | . . Kinetic 256 | 28 228 Thermal 215 | 13 202 Explosive . | . . Electromagnetic 32 | . 32 Impact . | . . Slashing . | . . Piercing . | . . Highest Corruption . | . . Average Corruption . | . . Corruption Purged . | . . Corruption Blocked . | . . Overload Shots . | . . Overflow Damage . | . . Projectiles . | . . Explosions . | . . Melee . | . . Knockbacks . | . . Impact . | . . Kinetic . | . . Secondary . | . . Self-Inflicted Damage . | . . Shots . | . . Rammed . | . . Targets Rammed . | . . Kicked . | . . Crushed . | . . Highest Temperature 99 | 39 99 Average Temperature 39 | 23 42 Received Heat Transfer 567 | 12 555 Siege Activations . | . . Martial Activations . | . . Shielding Activations . | . . Robots Disrupted . | . . Combat Hostiles . | . . Robots Corrupted . | . . Combat Hostiles . | . . Parts Fried . | . . Impact Corruptions . | . . Robots Melted . | . . Combat Hostiles . | . . Parts Melted 1 | . 1 Heat Transferred 851 | 37 814 Parts Sabotaged . | . . Parts Stolen . | . . Parts Stripped . | . . Power Chain Reactions . | . . Alert | -11 -10 ------- Run | Yrd Mat Maximum Alert Level . | . . Low Security (%) 100 | 100 100 Level 1 . | . . Level 2 . | . . Level 3 . | . . Level 4 . | . . Level 5 . | . . High Security . | . . Max Security . | . . Peak Influence 70 | 20 70 Initial 13 | . 13 Average 15 | 2 17 Influence Increases 154 | 20 134 Destroy 0b10 Robot/C 120 | 20 100 Destroy 0b10 Robot/NC 20 | . 20 Destroy Leader 14 | . 14 Influence Decreases 154 | . 154 Entered New Map 7 | . 7 Time Decay 147 | . 147 Squads Dispatched . | . . Investigation . | . . Extermination . | . . Reinforcement . | . . Assault . | . . Garrison . | . . Intercept . | . . Searches Triggered . | . . Construction Impeded . | . . Haulers Reinforced . | . . Active Scanning Responses . | . . Cargo Convoy Interrupts . | . . Stealth | -11 -10 --------- Run | Yrd Mat Distress Signals . | . . Communications Jammed . | . . Distress Signals . | . . Times Spotted 12 | 1 11 Peak Tracking Total 4 | 1 4 Tactical Retreats . | . . Traps | -11 -10 ------- Run | Yrd Mat Traps Triggered . | . . Indirectly . | . . Trap Hack Attempts . | . . Triggered . | . . Disarmed . | . . Reprogrammed . | . . Reused . | . . Traps Extracted . | . . Installed . | . . Triggered . | . . Machines | -11 -10 ---------- Run | Yrd Mat Machines Disabled . | . . Max in Single Turn . | . . Machines Repaired . | . . Machines Dismantled . | . . Machines Sabotaged . | . . Overloaded Fab Kills . | . . Hacking | -11 -10 --------- Run | Yrd Mat Machines Accessed . | . . Terminals . | . . Fabricators . | . . Repair Stations . | . . Recycling Units . | . . Scanalyzers . | . . Garrison Access . | . . Total Hacks . | . . Successful . | . . Failed . | . . Catastrophic . | . . Database Lockouts . | . . Manual . | . . Terminals . | . . Fabricators . | . . Repair Stations . | . . Recycling Units . | . . Scanalyzers . | . . Garrison Access . | . . Terminal Hacks . | . . Fabricator Hacks . | . . Repair Station Hacks . | . . Recycling Unit Hacks . | . . Scanalyzer . | . . Garrison Access Hacks . | . . Unauthorized Hacks . | . . Terminals . | . . Fabricators . | . . Repair Stations . | . . Recycling Units . | . . Scanalyzers . | . . Garrison Access . | . . Data Cores Recovered 1 | . 1 Used . | . . Hacking Detections . | . . Full Trace Events . | . . Feedback Events . | . . Feedback Blocked . | . . Robot Schematics Acquired . | . . Robots Built . | . . Authchips . | . . Time . | . . Total Robot Build Rating . | . . Part Schematics Acquired . | . . Parts Built . | . . Authchips . | . . Time . | . . Total Part Build Rating . | . . Parts Repaired . | . . Time . | . . Parts Recycled . | . . Recycled Matter . | . . Retrieved Matter . | . . Retrieved Components . | . . Parts Scanalyzed . | . . Part Schematics Acquired . | . . Parts Damaged . | . . Bothacking | -11 -10 ------------ Run | Yrd Mat Used RIF Installer . | . . Robots Hacked . | . . Non-combat . | . . Combat . | . . Robot Hacks Applied . | . . Relay Couplers Released . | . . Fabnet Peak Effective % . | . . Robots Rewired . | . . Allies Hacked . | . . Hacks Repelled . | . . Allies | -11 -10 -------- Run | Yrd Mat Total Allies . | . . Largest Group . | . . Highest-Rated Group . | . . Highest-Rated Ally . | . . Total Orders . | . . Ally Attacks . | . . Total Damage . | . . Kills . | . . Allies Corrupted . | . . Allies Melted . | . . Intel | -11 -10 ------- Run | Yrd Mat Active Infowar (turns) 41 | . 41 Structural 41 | . 41 Robot Analysis Total . | . . Derelict Logs Recovered . | . . Drone Launches . | . . Drone Recoveries . | . . Exploration | -11 -10 ------------- Run | Yrd Mat Turns Passed 569 | 91 478 Spaces Moved 342 | 94 248 Core 38 | 25 13 Treads 135 | . 135 Legs . | . . Wheels 123 | 69 54 Hover . | . . Flight 46 | . 46 Fastest Speed 50 | 50 80 Average Speed 127 | 72 148 Slowest Speed 200 | 80 200 Overloaded Moves . | . . Propulsion Burnouts . | . . Robots Hopped . | . . Potential Cave-ins . | . . Cave-ins Triggered . | . . Exploration Rate (%) 14 | 8 20 Regions Visited 1 Branch Regions . Pre-discovered Areas . | . . Known Exits Taken . | . . Unknown Exits Taken 1 | 1 . Scrap Searched . | . . Spaces Dug . | . . Terrain Destroyed . | . . Melee . | . . Projectile . | . . AOE . | . . Terrain Rammed . | . . Walls Destroyed . | . . Machines Disabled . | . . Actions | -11 -10 --------- Run | Yrd Mat Total 416 | 111 305 Wait . | . . Move 341 | 93 248 Hop . | . . Pick Up 17 | 9 8 Fast Attach 1 | . 1 Attach 13 | 6 7 Detach . | . . Swap 1 | . 1 Drop 9 | . 9 Fire 34 | 3 31 Melee . | . . Ram . | . . Kick . | . . Crush . | . . Escape Stasis . | . . Rewire . | . . Trap . | . . Miscellaneous . | . . Route ------- -11/Scrapyard -10/Materials (discovered 1 exit: [*Mat]) History --------- Turn | Location | Event 2 | -11/Scrapyard | Met Revision 17 69 | -11/Scrapyard | Discovered new exit (range 8) 92 | -11/Scrapyard | Entered Materials 302 | -10/Materials | Build established: Mutant 494 | -10/Materials | Discovered new exit (range 16) 522 | -10/Materials | Lost 4 parts (1p1u2w) 541 | -10/Materials | Core integrity fell below 50% 563 | -10/Materials | Core integrity fell below 20% 570 | -10/Materials | Destroyed by G-34 Mercenary with Small Laser Last Messages --------------- Acquired Sml. Storage Unit. Connecting with Terminal... Med. Matter Pod melted. K-01 Serf destroyed. Critical hit (Burn: +37). M-13 Machinist repairs G-47 Trooper. Ion Engine destroyed. K-01 Serf collects debris. Med. Laser destroyed. Critical hit (Burn: +37). M-13 Machinist repairs G-34 Mercenary. Assault Rifle destroyed. Heat Sink destroyed. EXIT=FOUND Critical hit (Burn: +37). M-13 Machinist repairs G-47 Trooper. Acquired Lgt. Ion Engine. Acquired Structural Scanner. Imp. Treads destroyed. Lgt. Ion Engine destroyed. Map ----- +----------------------------------------------------+ | ??????????????????????????????????????????? | | ??????????????????????????????????????????? | | ??????????????????????????????????????????? | | ??????????????????????????????????????????? | | ??????????????????????????????????????????? | | ??????????????????????????????????????????? | | ??????????????????????????????????????????? | | ??????????????????????????????????????????? | | ??????????????????????????????????????????? | | ??????????????????????????????????????????? | | ??????????????????????????????????????????? | | ??????????????????????????????????????????? | | ??????????????????????????????????????????? | | ??????????????????????????????????????????? | | ??????????????????????????????????????????? | | ??????????????????????????????????????????? | | ??????????????????????????????????????????? | | ??????????????????????????????????????????? | | ?????????????????????################?????? | | ???????????????####### # #?????? | | ???????????????####### # """ #?????? | | ???????????????## ## # """ #?????? | | ???????????????##** ## # """ #?????? | | ???????????????##*! ## # "" #?????? | | ???????????????## ! ## # T" #?????? | | ???????????????## @ ## # "" #?????? | | ???????????????## g ## # #?????? | | ???????????????## g## #####+#####?????? | | ??????????#+######+######+### #???????? | | ???????# T ######### | | ???????# < "" % | | ???????# | | ???????#### ############### | | ??????????# ??#######??????# ########### | | ??????????# ????????????????# %%#?????????? | | ??????????#?????????????????# #?????????? | | ????????????????????????##### #?????????? | | ????????????????????????# #?????????? | | ????????????????????????#== #?????????? | | ????????????????????????#[[ #?????????? | | ????????????????????????# #?????????? | | ????????????????????????#= #???? ???? | | ????????????????????????#== # """ #??? | | ????????????????????????##### + """ #??? | | ????????????????????????????# # #??? | | ????????????????????????????# # "T? #??? | | ???????????????????????????## #####?????? | | ???????????????????????????# ########## | | ???????????????????????????# | | ???????????????????????????# T | +----------------------------------------------------+ Best States ------------- Heat Dissipation 35 Energy Generation 10 Energy Capacity 250 Matter Stores 300 Matter Capacity 300 Sight Range 16 Terrain Scan Density 10 Evasion (%) 50 Recoil Reduction 2 Item Schematics ----------------- None Robot Schematics ------------------ None Fabricated ------------ Nothing Repaired ---------- Nothing Alien Tech Used ----------------- None Achievements -------------- None Challenges ------------ None Game ------ Seed RainbowTerrorGun Manual? 0 Play Time 00:11:46 Cumulative 0.8 hours Start 2025.05.26 @ 20:18:56 End 2025.05.26 @ 22:53:10 Sessions 3 Manual Loads 0 Difficulty Rogue Special Mode None Game No. 2 Rogue 1 Adventurer 1 Explorer 0 Win Type - Total 0 Types 0/0/0/0/0/0/0/0/0/0 Lore% 0 Gallery% 2 Achievement% 2 Wizard Run 0 Options --------- Layout 1 ASCII 0 Keyboard 0 Movement Mouse Keybinds 0 Fullscreen 1 Font 32/SmallcapsGlow Map View 50x35 Zoom Use 0% Tactical HUD 0 Map Filters NONE Filters NONE Steam 1 RUN: b6e84b84-1b60-463d-8813-29ba81624604